[ AOE2 MATCH · #459445769 ]
UnrankedWei vs Mongols
[ REPLAY ANALYSIS · EXTRACTED FROM THE RECORDED GAME ]
Feudal
—
Castle
—
Imperial
—
| APM avg | 29.8 |
| APM peak | 97 |
| eAPM avg | 25.0 |
| Villagers / military | 202 / 4 |
Focus
⚔️ 32.5% · 🌾 67.5%
Unknown (1949) ×1240 · Unknown (1952) ×628 · Unknown (1942) ×185 · Trade Cart ×91 · Unknown (1954) ×10 · Mangonel ×4
Feudal
—
Castle
—
Imperial
—
| APM avg | 18.9 |
| APM peak | 93 |
| eAPM avg | 17.6 |
| Villagers / military | 65 / 2703 |
Focus
⚔️ 66.6% · 🌾 33.4%
Spearman ×1210 · Hand Cannoneer ×379 · Knight ×287 · Skirmisher ×255 · Conquistador ×235 · Bombard Cannon ×158
Feudal
—
Castle
—
Imperial
—
| APM avg | 31.5 |
| APM peak | 82 |
| eAPM avg | 30.1 |
| Villagers / military | 65 / 1012 |
Focus
⚔️ 48.6% · 🌾 51.4%
Janissary ×653 · Militia ×165 · Trebuchet (Packed) ×103 · Bombard Cannon ×40 · Spearman ×34 · Trade Cart ×11
Feudal
—
Castle
—
Imperial
—
| APM avg | 49.6 |
| APM peak | 133 |
| eAPM avg | 39.3 |
| Villagers / military | 109 / 3828 |
Focus
⚔️ 78.7% · 🌾 21.3%
Camel Scout ×2826 · Scout Cavalry ×385 · Mangonel ×277 · Bombard Cannon ×200 · Spearman ×140 · Trade Cart ×95
Feudal
—
Castle
—
Imperial
—
| APM avg | 48.9 |
| APM peak | 142 |
| eAPM avg | 36.9 |
| Villagers / military | 358 / 2226 |
Focus
⚔️ 38.6% · 🌾 61.4%
Mangonel ×937 · Mangudai ×698 · Scorpion ×576 · Trade Cart ×289 · Trebuchet (Packed) ×15
Feudal
—
Castle
—
Imperial
—
| APM avg | 17.0 |
| APM peak | 69 |
| eAPM avg | 16.5 |
| Villagers / military | 117 / 2814 |
Focus
⚔️ 64.4% · 🌾 35.6%
Camel Scout ×1056 · Mameluke ×640 · Spearman ×590 · Mangonel ×322 · Scout Cavalry ×145 · Trade Cart ×80
Match map
Initial resources + every placement click. Lines = walls · curves = elevation contours. ◆ gold · ⬟ stone · ● berries · ✦ relic · ◌ wall gap
Your base· ✓ Closed at 12:00 · 0t walls · fragile
TTV PHOEBZ's base· ✓ Closed at 12:00 · 23t walls · 2 gate(s)
Berkovic3631's base· ✓ Closed at 12:00 · 0t walls · no gate
Cortemilia's base· ✓ Closed at 12:00 · 42t walls · fragile
The Sting's base· ✓ Closed at 12:00 · 0t walls · no gate
CALIGULA's base· ✓ Closed at 12:00 · 0t walls · fragile
Smoothed initial terrain · ◌ = detected wall gap · hover for details
Inputs per minute
— bhasudi-- - - TTV PHOEBZ
Build order — bhasudi--
First 150 of 782 actions detected
| 0:06 | Build | Town Center |
| 0:07 | Build | Town Center |
| 0:07 | Build | Town Center |
| 0:08 | Build | Town Center |
| 0:08 | Build | Town Center |
| 0:08 | Build | Town Center |
| 0:12 | Create | Villager (Male) |
| 0:13 | Create | Villager (Male) |
| 0:13 | Create | Villager (Male) |
| 0:14 | Create | Villager (Male) |
| 0:14 | Create | Villager (Male) |
| 0:14 | Create | Villager (Male) |
| 0:15 | Create | Villager (Male) |
| 0:39 | Build | Siege Workshop |
| 0:39 | Build | Siege Workshop |
| 0:40 | Build | Siege Workshop |
| 0:52 | Create | Villager (Male) |
| 0:52 | Create | Villager (Male) |
| 0:53 | Create | Villager (Male) |
| 0:53 | Create | Villager (Male) |
| 0:53 | Create | Villager (Male) |
| 1:12 | Build | Market |
| 1:12 | Build | Market |
| 1:13 | Build | Market |
| 1:14 | Build | Market |
| 1:14 | Build | Market |
| 1:25 | Create | Mangonel |
| 1:25 | Create | Mangonel |
| 1:30 | Create | Villager (Male) ×5 |
| 1:31 | Create | Villager (Male) ×5 |
| 1:31 | Create | Villager (Male) ×5 |
| 1:46 | Build | Archery Range |
| 1:46 | Build | Archery Range |
| 1:46 | Build | Archery Range |
| 1:47 | Build | Archery Range |
| 1:49 | Build | Archery Range |
| 1:49 | Build | Archery Range |
| 1:50 | Build | Archery Range |
| 1:50 | Build | Archery Range |
| 1:51 | Build | Archery Range |
| 2:03 | Create | Mangonel |
| 2:03 | Create | Mangonel |
| 2:08 | Create | Villager (Male) ×5 |
| 2:09 | Create | Villager (Male) ×5 |
| 2:09 | Create | Villager (Male) ×5 |
| 2:09 | Create | Villager (Male) ×5 |
| 3:02 | Create | Villager (Male) ×5 |
| 3:02 | Create | Villager (Male) ×5 |
| 3:02 | Create | Villager (Male) ×5 |
| 3:10 | Build | Town Center |
| 3:30 | Build | Castle |
| 3:55 | Build | House |
| 3:55 | Build | House |
| 3:55 | Build | House |
| 3:56 | Build | House |
| 3:56 | Build | House |
| 3:57 | Build | House |
| 3:58 | Build | House |
| 3:58 | Build | House |
| 3:58 | Build | House |
| 4:00 | Build | House |
| 4:01 | Build | House |
| 4:01 | Build | House |
| 4:02 | Build | House |
| 4:03 | Build | House |
| 4:03 | Build | House |
| 4:03 | Build | House |
| 4:04 | Build | House |
| 4:04 | Build | House |
| 4:05 | Build | House |
| 4:39 | Create | Villager (Male) ×5 |
| 4:40 | Create | Villager (Male) ×5 |
| 5:36 | Build | Castle |
| 5:40 | Create | Villager (Male) ×5 |
| 5:40 | Create | Villager (Male) ×5 |
| 6:36 | Build | Lumber Camp |
| 7:08 | Create | Villager (Male) ×5 |
| 7:09 | Create | Villager (Male) ×5 |
| 7:09 | Create | Villager (Male) ×5 |
| 8:23 | Build | Castle |
| 8:29 | Create | Villager (Male) ×5 |
| 8:29 | Create | Villager (Male) ×5 |
| 8:29 | Create | Villager (Male) ×5 |
| 8:30 | Create | Villager (Male) ×5 |
| 8:57 | Create | Unit 1952 ×5 |
| 8:58 | Create | Unit 1952 ×5 |
| 9:00 | Create | Unit 1952 ×5 |
| 9:12 | Build | Farm |
| 9:12 | Build | Farm |
| 9:13 | Build | Farm |
| 9:13 | Build | Farm |
| 9:13 | Build | Farm |
| 9:14 | Build | Farm |
| 9:14 | Build | Farm |
| 9:15 | Build | Farm |
| 9:15 | Build | Farm |
| 9:36 | Build | House |
| 9:37 | Build | House |
| 9:38 | Build | House |
| 9:40 | Build | House |
| 9:41 | Build | House |
| 9:41 | Build | House |
| 9:42 | Build | House |
| 9:43 | Build | House |
| 9:43 | Build | House |
| 9:44 | Build | House |
| 9:44 | Build | House |
| 9:45 | Build | House |
| 9:45 | Build | House |
| 9:46 | Build | House |
| 9:46 | Build | House |
| 9:57 | Create | Trade Cart ×5 |
| 9:58 | Create | Trade Cart ×5 |
| 9:58 | Create | Trade Cart ×5 |
| 9:58 | Create | Trade Cart ×5 |
| 9:59 | Create | Trade Cart ×5 |
| 9:59 | Create | Trade Cart ×5 |
| 10:41 | Build | Lumber Camp |
| 10:56 | Create | Villager (Male) ×5 |
| 10:56 | Create | Villager (Male) ×5 |
| 10:57 | Create | Villager (Male) ×5 |
| 10:57 | Create | Villager (Male) ×5 |
| 10:57 | Create | Villager (Male) ×5 |
| 10:58 | Create | Villager (Male) ×5 |
| 11:39 | Build | Farm |
| 11:39 | Build | Farm |
| 11:40 | Build | Farm |
| 11:40 | Build | Farm |
| 11:40 | Build | Farm |
| 11:41 | Build | Farm |
| 11:41 | Build | Farm |
| 11:41 | Build | Farm |
| 11:42 | Build | Farm |
| 11:42 | Build | Farm |
| 11:43 | Build | Farm |
| 11:43 | Build | Farm |
| 11:43 | Build | Farm |
| 11:44 | Build | Farm |
| 11:44 | Build | Farm |
| 11:44 | Build | Farm |
| 11:45 | Build | Farm |
| 11:45 | Build | Farm |
| 11:46 | Build | Farm |
| 11:46 | Build | Farm |
| 11:46 | Build | Farm |
| 11:47 | Build | Farm |
| 11:47 | Build | Farm |
| 11:47 | Build | Farm |
| 11:48 | Build | Farm |
| 11:48 | Build | Farm |
Build order — TTV PHOEBZ
First 150 of 803 actions detected
| 0:11 | Build | Stone Wall |
| 0:13 | Build | Gate |
| 0:15 | Build | Gate |
| 0:23 | Create | Villager (Male) |
| 0:23 | Create | Villager (Male) |
| 0:23 | Create | Villager (Male) |
| 0:23 | Create | Villager (Male) |
| 0:24 | Create | Villager (Male) |
| 0:24 | Create | Villager (Male) |
| 0:24 | Create | Villager (Male) |
| 0:33 | Build | Monastery |
| 0:35 | Build | Monastery |
| 0:38 | Build | Monastery |
| 0:43 | Build | Town Center |
| 0:47 | Build | Town Center |
| 1:17 | Create | Villager (Male) |
| 1:17 | Create | Villager (Male) |
| 1:26 | Create | Villager (Male) ×5 |
| 1:26 | Create | Villager (Male) ×5 |
| 1:27 | Create | Villager (Male) ×5 |
| 1:27 | Create | Villager (Male) ×5 |
| 1:31 | Create | Missionary ×5 |
| 1:31 | Create | Missionary ×5 |
| 1:42 | Build | Market |
| 1:44 | Build | Market |
| 1:53 | Create | Missionary ×5 |
| 2:00 | Build | Town Center |
| 2:13 | Create | Villager (Male) ×5 |
| 2:21 | Build | Lumber Camp |
| 2:44 | Build | Market |
| 3:25 | Create | Villager (Male) |
| 3:26 | Create | Villager (Male) |
| 3:26 | Create | Villager (Male) |
| 3:26 | Create | Villager (Male) |
| 3:26 | Create | Villager (Male) |
| 5:24 | Build | Castle |
| 6:06 | Create | Villager (Male) |
| 6:06 | Create | Villager (Male) |
| 6:07 | Create | Villager (Male) |
| 6:07 | Create | Villager (Male) |
| 6:07 | Create | Villager (Male) |
| 6:07 | Create | Villager (Male) |
| 6:48 | Build | Castle |
| 7:11 | Build | Siege Workshop |
| 7:34 | Build | Town Center |
| 7:57 | Build | Siege Workshop |
| 7:58 | Create | Mangonel |
| 8:03 | Create | Mangonel |
| 8:03 | Create | Mangonel |
| 8:11 | Build | House |
| 8:13 | Build | House |
| 8:13 | Build | House |
| 8:14 | Build | House |
| 8:16 | Build | House |
| 8:17 | Build | House |
| 8:19 | Build | House |
| 8:22 | Build | House |
| 8:27 | Build | Siege Workshop |
| 8:33 | Create | Mangonel ×5 |
| 8:39 | Build | Castle |
| 8:47 | Create | Mangonel |
| 8:48 | Create | Mangonel |
| 8:50 | Build | Castle |
| 8:57 | Build | Farm |
| 9:01 | Build | Mining Camp |
| 9:04 | Create | Mangonel |
| 9:34 | Build | Barracks |
| 9:36 | Build | Barracks |
| 9:38 | Build | Barracks |
| 9:39 | Build | Barracks |
| 9:42 | Build | Barracks |
| 9:44 | Build | Barracks |
| 9:57 | Create | Villager (Male) ×5 |
| 9:58 | Create | Villager (Male) ×5 |
| 11:10 | Build | Mill |
| 11:11 | Build | Farm |
| 11:12 | Build | Farm |
| 11:13 | Build | Farm |
| 11:16 | Build | Farm |
| 11:17 | Build | Farm |
| 11:19 | Build | Farm |
| 11:21 | Build | Farm |
| 11:22 | Build | Farm |
| 11:25 | Build | Farm |
| 11:26 | Build | Farm |
| 11:28 | Build | Farm |
| 11:39 | Build | Mining Camp |
| 11:42 | Create | Conquistador ×5 |
| 11:42 | Create | Conquistador ×5 |
| 11:43 | Create | Conquistador ×5 |
| 11:44 | Create | Conquistador ×5 |
| 11:45 | Create | Conquistador ×5 |
| 11:45 | Create | Conquistador ×5 |
| 11:46 | Create | Conquistador ×5 |
| 12:43 | Create | Bombard Cannon |
| 12:43 | Create | Bombard Cannon |
| 12:43 | Create | Bombard Cannon |
| 12:44 | Create | Bombard Cannon |
| 12:44 | Create | Bombard Cannon |
| 12:58 | Create | Villager (Male) |
| 12:59 | Create | Villager (Male) |
| 12:59 | Create | Villager (Male) |
| 12:59 | Create | Villager (Male) |
| 13:08 | Build | Castle |
| 13:17 | Build | Siege Workshop |
| 13:46 | Create | Bombard Cannon |
| 13:46 | Create | Bombard Cannon |
| 13:47 | Create | Bombard Cannon |
| 13:47 | Create | Bombard Cannon |
| 13:47 | Create | Bombard Cannon |
| 13:52 | Create | Trebuchet (Packed) ×5 |
| 13:52 | Create | Trebuchet (Packed) ×5 |
| 13:53 | Create | Trebuchet (Packed) ×5 |
| 13:55 | Create | Scorpion ×5 |
| 13:56 | Create | Bombard Cannon ×5 |
| 14:20 | Create | Trade Cart ×5 |
| 14:21 | Create | Trade Cart ×5 |
| 14:21 | Create | Trade Cart ×5 |
| 14:29 | Create | Spearman ×5 |
| 14:29 | Create | Spearman ×5 |
| 14:29 | Create | Spearman ×5 |
| 14:44 | Build | Farm |
| 14:51 | Build | Watch Tower |
| 14:54 | Build | Watch Tower |
| 15:05 | Create | Bombard Cannon ×5 |
| 15:05 | Create | Bombard Cannon ×5 |
| 15:06 | Create | Bombard Cannon ×5 |
| 15:29 | Build | Castle |
| 15:40 | Create | Villager (Male) |
| 15:41 | Create | Villager (Male) |
| 15:41 | Create | Villager (Male) |
| 15:41 | Create | Villager (Male) |
| 15:41 | Create | Villager (Male) |
| 15:42 | Create | Villager (Male) |
| 16:11 | Build | Castle |
| 16:31 | Build | Archery Range |
| 16:33 | Build | Archery Range |
| 16:39 | Create | Spearman ×5 |
| 16:40 | Create | Spearman ×5 |
| 16:40 | Create | Spearman ×5 |
| 16:40 | Create | Spearman ×5 |
| 16:41 | Create | Spearman ×5 |
| 16:41 | Create | Spearman ×5 |
| 16:41 | Create | Spearman ×5 |
| 16:41 | Create | Spearman ×5 |
| 16:42 | Create | Spearman ×5 |
| 16:42 | Create | Spearman ×5 |
| 16:42 | Create | Spearman ×5 |
| 16:43 | Create | Spearman ×5 |
| 16:43 | Create | Spearman ×5 |
Build order — Berkovic3631
First 150 of 1162 actions detected
| 0:11 | Build | Lumber Camp |
| 0:26 | Build | Mining Camp |
| 0:32 | Create | Villager (Male) |
| 0:32 | Create | Villager (Male) |
| 0:33 | Create | Villager (Male) |
| 0:33 | Create | Villager (Male) |
| 0:33 | Create | Villager (Male) |
| 0:34 | Create | Villager (Male) |
| 0:34 | Create | Villager (Male) |
| 0:34 | Create | Villager (Male) |
| 0:35 | Create | Villager (Male) |
| 0:35 | Create | Villager (Male) |
| 1:08 | Build | Castle |
| 1:18 | Build | Castle |
| 1:34 | Build | Castle |
| 1:39 | Create | Militia |
| 1:39 | Create | Militia |
| 1:40 | Create | Militia |
| 1:40 | Create | Militia |
| 1:41 | Create | Militia |
| 1:41 | Create | Militia |
| 1:41 | Create | Militia |
| 1:42 | Create | Militia |
| 1:42 | Create | Militia |
| 1:43 | Create | Militia |
| 1:43 | Create | Militia |
| 1:44 | Create | Militia |
| 1:44 | Create | Militia |
| 1:44 | Create | Militia |
| 1:45 | Create | Militia |
| 1:59 | Create | Villager (Male) |
| 2:00 | Create | Villager (Male) |
| 2:00 | Create | Villager (Male) |
| 2:00 | Create | Villager (Male) |
| 2:01 | Create | Villager (Male) |
| 2:01 | Create | Villager (Male) |
| 2:22 | Build | House |
| 2:28 | Build | House |
| 2:35 | Build | House |
| 2:40 | Build | House |
| 2:54 | Build | Market |
| 3:00 | Build | Market |
| 3:05 | Create | Militia |
| 3:06 | Create | Militia |
| 3:06 | Create | Militia |
| 3:14 | Create | Janissary |
| 3:15 | Create | Janissary |
| 3:15 | Create | Janissary |
| 3:15 | Create | Janissary |
| 3:16 | Create | Janissary |
| 3:16 | Create | Janissary |
| 3:17 | Create | Janissary |
| 3:17 | Create | Janissary |
| 3:17 | Create | Janissary |
| 3:18 | Create | Janissary |
| 3:18 | Create | Janissary |
| 3:19 | Create | Janissary |
| 3:19 | Create | Janissary |
| 3:19 | Create | Janissary |
| 3:20 | Create | Janissary |
| 3:20 | Create | Janissary |
| 3:37 | Create | Janissary |
| 3:37 | Create | Janissary |
| 3:38 | Create | Trebuchet (Packed) |
| 3:39 | Create | Trebuchet (Packed) |
| 3:39 | Create | Trebuchet (Packed) |
| 3:41 | Create | Trebuchet (Packed) |
| 3:41 | Create | Trebuchet (Packed) |
| 3:42 | Create | Trebuchet (Packed) |
| 3:52 | Create | Trebuchet (Packed) |
| 3:53 | Create | Trebuchet (Packed) |
| 3:53 | Create | Trebuchet (Packed) |
| 3:56 | Create | Janissary |
| 3:57 | Create | Janissary |
| 3:57 | Create | Janissary |
| 4:26 | Build | Castle |
| 4:34 | Build | Castle |
| 5:02 | Create | Trebuchet (Packed) |
| 5:02 | Create | Trebuchet (Packed) |
| 5:03 | Create | Trebuchet (Packed) |
| 5:03 | Create | Trebuchet (Packed) |
| 5:04 | Create | Janissary |
| 5:04 | Create | Janissary |
| 5:05 | Create | Janissary |
| 5:05 | Create | Janissary |
| 5:06 | Create | Janissary |
| 5:06 | Create | Janissary |
| 5:06 | Create | Janissary |
| 5:07 | Create | Janissary |
| 5:07 | Create | Janissary |
| 5:07 | Create | Janissary |
| 5:08 | Create | Janissary |
| 5:08 | Create | Janissary |
| 5:31 | Build | Castle |
| 5:43 | Build | Town Center |
| 5:49 | Build | Farm |
| 5:55 | Build | Farm |
| 6:01 | Build | Farm |
| 6:06 | Build | Farm |
| 6:12 | Build | Farm |
| 6:19 | Build | Farm |
| 6:25 | Build | Farm |
| 6:31 | Build | Farm |
| 6:36 | Build | Farm |
| 6:41 | Build | Farm |
| 6:47 | Build | Farm |
| 6:53 | Build | Farm |
| 7:01 | Build | Farm |
| 7:07 | Build | Farm |
| 7:16 | Build | Mill |
| 7:23 | Create | Janissary |
| 7:24 | Create | Janissary |
| 7:24 | Create | Janissary |
| 7:25 | Create | Janissary |
| 7:25 | Create | Janissary |
| 7:25 | Create | Janissary |
| 7:26 | Create | Janissary |
| 7:26 | Create | Janissary |
| 7:27 | Create | Janissary |
| 7:27 | Create | Janissary |
| 7:27 | Create | Janissary |
| 7:28 | Create | Janissary |
| 7:28 | Create | Janissary |
| 7:29 | Create | Janissary |
| 7:56 | Create | Villager (Male) |
| 7:57 | Create | Villager (Male) |
| 7:57 | Create | Villager (Male) |
| 7:57 | Create | Villager (Male) |
| 7:58 | Create | Villager (Male) |
| 7:58 | Create | Villager (Male) |
| 7:58 | Create | Villager (Male) |
| 7:59 | Create | Villager (Male) |
| 7:59 | Create | Villager (Male) |
| 8:00 | Create | Villager (Male) |
| 8:00 | Create | Villager (Male) |
| 8:25 | Create | Trade Cart |
| 8:25 | Create | Trade Cart |
| 8:25 | Create | Trade Cart |
| 8:26 | Create | Trade Cart |
| 8:26 | Create | Trade Cart |
| 8:27 | Create | Trade Cart |
| 8:37 | Create | Trade Cart |
| 8:38 | Create | Trade Cart |
| 8:38 | Create | Trade Cart |
| 8:57 | Build | Mining Camp |
| 9:02 | Create | Villager (Male) |
| 9:02 | Create | Villager (Male) |
| 9:10 | Create | Janissary |
| 9:10 | Create | Janissary |
| 9:10 | Create | Janissary |
Build order — Cortemilia
First 150 of 1064 actions detected
| 0:17 | Create | Villager (Male) |
| 0:18 | Create | Villager (Male) |
| 0:18 | Create | Villager (Male) |
| 0:18 | Create | Villager (Male) |
| 0:19 | Create | Villager (Male) |
| 0:19 | Create | Villager (Male) |
| 0:22 | Create | Villager (Male) |
| 0:22 | Create | Villager (Male) |
| 0:23 | Create | Villager (Male) |
| 0:48 | Build | Town Center |
| 0:54 | Build | Town Center |
| 1:00 | Build | Town Center |
| 1:40 | Build | Market |
| 1:43 | Build | Market |
| 1:47 | Build | Market |
| 1:59 | Build | Market |
| 2:06 | Build | Farm |
| 2:10 | Create | Villager (Male) ×5 |
| 2:11 | Create | Villager (Male) ×5 |
| 2:11 | Create | Villager (Male) ×5 |
| 2:11 | Create | Villager (Male) ×5 |
| 2:11 | Create | Villager (Male) ×5 |
| 2:12 | Create | Villager (Male) ×5 |
| 2:12 | Create | Villager (Male) ×5 |
| 2:12 | Create | Villager (Male) ×5 |
| 2:13 | Create | Villager (Male) ×5 |
| 2:13 | Create | Villager (Male) ×5 |
| 2:13 | Create | Villager (Male) ×5 |
| 2:13 | Create | Villager (Male) ×5 |
| 2:53 | Build | Stone Wall |
| 2:58 | Build | Stone Wall |
| 3:06 | Build | Farm |
| 3:09 | Build | Farm |
| 3:25 | Build | Farm |
| 3:29 | Build | Farm |
| 4:01 | Build | Castle |
| 4:04 | Build | Castle |
| 4:09 | Build | Castle |
| 4:10 | Build | Castle |
| 4:13 | Build | Castle |
| 4:17 | Build | Castle |
| 4:24 | Build | House |
| 4:25 | Build | House |
| 4:26 | Build | House |
| 4:27 | Build | House |
| 4:30 | Build | House |
| 4:31 | Build | House |
| 4:38 | Build | Farm |
| 4:41 | Build | Farm |
| 5:54 | Build | Market |
| 5:58 | Create | Trade Cart ×5 |
| 5:58 | Create | Trade Cart ×5 |
| 5:59 | Create | Trade Cart ×5 |
| 5:59 | Create | Trade Cart ×5 |
| 5:59 | Create | Trade Cart ×5 |
| 6:00 | Create | Trade Cart ×5 |
| 6:00 | Create | Trade Cart ×5 |
| 6:00 | Create | Trade Cart ×5 |
| 6:00 | Create | Trade Cart ×5 |
| 6:05 | Build | House |
| 6:06 | Build | House |
| 6:08 | Build | House |
| 6:13 | Build | Farm |
| 6:16 | Build | Farm |
| 6:18 | Build | Farm |
| 6:23 | Build | Farm |
| 6:26 | Build | Farm |
| 6:28 | Build | Farm |
| 7:12 | Build | House |
| 7:13 | Build | House |
| 7:14 | Build | House |
| 7:15 | Build | House |
| 7:16 | Build | House |
| 7:17 | Build | House |
| 7:19 | Build | House |
| 7:20 | Build | House |
| 7:26 | Build | Farm |
| 7:30 | Build | Farm |
| 7:33 | Build | Farm |
| 7:38 | Build | Farm |
| 7:41 | Build | Farm |
| 7:43 | Build | Farm |
| 7:48 | Build | Farm |
| 7:50 | Build | Farm |
| 7:53 | Build | Farm |
| 7:56 | Build | Farm |
| 8:00 | Build | Farm |
| 8:03 | Build | Farm |
| 8:06 | Build | Farm |
| 8:08 | Build | Farm |
| 8:20 | Build | Lumber Camp |
| 9:16 | Build | House |
| 9:17 | Build | House |
| 9:18 | Build | House |
| 9:19 | Build | House |
| 9:20 | Build | House |
| 9:21 | Build | House |
| 9:23 | Build | House |
| 9:24 | Build | House |
| 9:38 | Create | Trade Cart ×5 |
| 9:38 | Create | Trade Cart ×5 |
| 9:39 | Create | Trade Cart ×5 |
| 9:39 | Create | Trade Cart ×5 |
| 9:39 | Create | Trade Cart ×5 |
| 9:40 | Create | Trade Cart ×5 |
| 9:40 | Create | Trade Cart ×5 |
| 9:40 | Create | Trade Cart ×5 |
| 9:41 | Create | Trade Cart ×5 |
| 9:41 | Create | Trade Cart ×5 |
| 9:51 | Build | Farm |
| 10:21 | Build | Stable |
| 10:22 | Build | Stable |
| 10:24 | Build | Stable |
| 10:25 | Build | Stable |
| 10:26 | Build | Stable |
| 10:28 | Build | Stable |
| 10:29 | Build | Stable |
| 10:31 | Build | Stable |
| 10:35 | Build | Stable |
| 10:36 | Build | Stable |
| 10:38 | Build | Stable |
| 10:39 | Build | Stable |
| 10:42 | Build | Stable |
| 10:43 | Build | Stable |
| 10:45 | Build | Stable |
| 10:47 | Build | Stable |
| 11:30 | Create | Villager (Male) ×5 |
| 11:31 | Create | Villager (Male) ×5 |
| 11:31 | Create | Villager (Male) ×5 |
| 11:31 | Create | Villager (Male) ×5 |
| 11:32 | Create | Villager (Male) ×5 |
| 11:32 | Create | Villager (Male) ×5 |
| 11:32 | Create | Villager (Male) ×5 |
| 11:33 | Create | Villager (Male) ×5 |
| 11:48 | Build | House |
| 11:49 | Build | House |
| 11:52 | Build | House |
| 11:53 | Build | House |
| 11:55 | Build | House |
| 12:07 | Build | House |
| 12:09 | Build | House |
| 12:10 | Build | House |
| 12:11 | Build | House |
| 12:17 | Build | Farm |
| 12:24 | Build | Farm |
| 12:28 | Build | Farm |
| 12:31 | Build | Farm |
| 12:35 | Build | Farm |
| 12:46 | Build | Lumber Camp |
| 13:22 | Build | House |
Build order — The Sting
First 150 of 807 actions detected
| 0:02 | Create | Villager (Male) |
| 0:02 | Create | Villager (Male) |
| 0:02 | Create | Villager (Male) |
| 0:07 | Build | Market |
| 0:19 | Create | Villager (Male) ×5 |
| 0:24 | Build | Town Center |
| 0:26 | Build | Town Center |
| 0:42 | Build | Town Center |
| 0:55 | Build | Town Center |
| 1:03 | Build | House |
| 1:03 | Build | House |
| 1:04 | Build | House |
| 1:04 | Build | House |
| 1:04 | Build | House |
| 1:05 | Build | House |
| 1:05 | Build | House |
| 1:07 | Create | Villager (Male) |
| 1:08 | Create | Villager (Male) |
| 1:08 | Create | Villager (Male) |
| 1:08 | Create | Villager (Male) |
| 1:09 | Create | Villager (Male) |
| 1:09 | Create | Villager (Male) |
| 1:09 | Create | Villager (Male) |
| 1:10 | Create | Villager (Male) |
| 1:24 | Create | Villager (Male) |
| 1:24 | Create | Villager (Male) |
| 1:25 | Create | Villager (Male) |
| 1:25 | Create | Villager (Male) |
| 1:26 | Create | Villager (Male) |
| 1:26 | Create | Villager (Male) |
| 1:30 | Build | Mining Camp |
| 1:57 | Build | Market |
| 1:57 | Build | Market |
| 1:58 | Build | Market |
| 1:59 | Build | Market |
| 1:59 | Build | Market |
| 1:59 | Build | Market |
| 2:01 | Build | Market |
| 2:03 | Build | Market |
| 2:09 | Create | Villager (Male) |
| 2:09 | Create | Villager (Male) |
| 2:09 | Create | Villager (Male) |
| 2:10 | Create | Villager (Male) |
| 2:10 | Create | Villager (Male) |
| 2:18 | Build | Market |
| 2:25 | Create | Villager (Male) |
| 2:25 | Create | Villager (Male) |
| 2:26 | Create | Villager (Male) |
| 2:26 | Create | Villager (Male) |
| 2:26 | Create | Villager (Male) |
| 2:27 | Create | Villager (Male) |
| 2:27 | Create | Villager (Male) |
| 2:27 | Create | Villager (Male) |
| 2:27 | Create | Villager (Male) |
| 2:38 | Build | House |
| 2:39 | Build | House |
| 2:40 | Build | House |
| 2:42 | Build | House |
| 2:43 | Build | House |
| 2:43 | Build | House |
| 2:43 | Build | House |
| 2:44 | Build | House |
| 2:45 | Create | Villager (Male) |
| 2:46 | Create | Villager (Male) |
| 2:46 | Create | Villager (Male) |
| 2:46 | Create | Villager (Male) |
| 2:57 | Build | Town Center |
| 3:04 | Build | Siege Workshop |
| 3:18 | Build | Town Center |
| 3:22 | Build | Town Center |
| 3:27 | Create | Villager (Male) ×5 |
| 3:27 | Create | Villager (Male) ×5 |
| 3:28 | Create | Villager (Male) ×5 |
| 3:32 | Create | Mangonel ×5 |
| 3:56 | Create | Villager (Male) ×5 |
| 3:57 | Create | Villager (Male) ×5 |
| 3:57 | Create | Villager (Male) ×5 |
| 3:57 | Create | Villager (Male) ×5 |
| 3:57 | Create | Villager (Male) ×5 |
| 4:02 | Build | House |
| 4:02 | Build | House |
| 4:02 | Build | House |
| 4:03 | Build | House |
| 4:03 | Build | House |
| 4:04 | Build | House |
| 4:04 | Build | House |
| 4:05 | Build | House |
| 4:05 | Build | House |
| 4:06 | Build | House |
| 4:06 | Build | House |
| 4:06 | Build | House |
| 4:07 | Build | House |
| 4:08 | Build | House |
| 4:08 | Build | House |
| 4:08 | Build | House |
| 4:09 | Build | House |
| 4:11 | Build | House |
| 4:11 | Build | House |
| 4:19 | Build | House |
| 4:20 | Build | House |
| 4:20 | Build | House |
| 4:23 | Create | Villager (Male) ×5 |
| 4:24 | Create | Villager (Male) ×5 |
| 4:24 | Create | Villager (Male) ×5 |
| 4:59 | Build | Town Center |
| 5:06 | Create | Trade Cart ×5 |
| 5:06 | Create | Trade Cart ×5 |
| 5:06 | Create | Trade Cart ×5 |
| 5:07 | Create | Trade Cart ×5 |
| 5:07 | Create | Trade Cart ×5 |
| 5:07 | Create | Trade Cart ×5 |
| 5:08 | Create | Trade Cart ×3 |
| 5:15 | Create | Villager (Male) ×5 |
| 5:15 | Create | Villager (Male) ×5 |
| 5:15 | Create | Villager (Male) ×5 |
| 5:16 | Create | Villager (Male) ×5 |
| 5:26 | Build | Mining Camp |
| 5:30 | Build | Mining Camp |
| 5:41 | Build | Town Center |
| 5:45 | Build | Town Center |
| 6:15 | Create | Villager (Male) ×5 |
| 6:15 | Create | Villager (Male) ×5 |
| 6:16 | Create | Villager (Male) ×5 |
| 6:16 | Create | Villager (Male) ×5 |
| 6:16 | Create | Villager (Male) ×5 |
| 6:16 | Create | Villager (Male) ×5 |
| 6:17 | Create | Villager (Male) ×5 |
| 6:30 | Build | Castle |
| 6:38 | Build | House |
| 6:38 | Build | House |
| 6:39 | Build | House |
| 6:39 | Build | House |
| 6:40 | Build | House |
| 6:40 | Build | House |
| 6:41 | Build | House |
| 6:41 | Build | House |
| 6:42 | Build | House |
| 6:42 | Build | House |
| 6:43 | Build | House |
| 6:46 | Create | Villager (Male) ×5 |
| 6:46 | Create | Villager (Male) ×5 |
| 6:46 | Create | Villager (Male) ×5 |
| 6:46 | Create | Villager (Male) ×5 |
| 6:47 | Create | Villager (Male) ×5 |
| 6:50 | Create | Trade Cart ×5 |
| 6:50 | Create | Trade Cart ×5 |
| 6:51 | Create | Trade Cart ×5 |
| 6:51 | Create | Trade Cart ×5 |
| 6:51 | Create | Trade Cart ×5 |
| 6:51 | Create | Trade Cart ×5 |
Build order — CALIGULA
First 150 of 874 actions detected
| 0:09 | Build | Town Center |
| 0:20 | Build | Town Center |
| 0:23 | Build | Town Center |
| 0:26 | Build | Town Center |
| 0:42 | Create | Villager (Male) ×5 |
| 0:42 | Create | Villager (Male) ×5 |
| 0:43 | Create | Villager (Male) ×5 |
| 0:43 | Create | Villager (Male) ×5 |
| 0:43 | Create | Villager (Male) ×5 |
| 0:44 | Create | Villager (Male) ×5 |
| 0:58 | Build | Market |
| 1:03 | Build | Market |
| 1:08 | Build | Market |
| 1:11 | Build | Market |
| 1:14 | Build | Market |
| 1:24 | Create | Villager (Male) ×5 |
| 1:24 | Create | Villager (Male) ×5 |
| 1:24 | Create | Villager (Male) ×5 |
| 1:24 | Create | Villager (Male) ×5 |
| 1:25 | Create | Villager (Male) ×5 |
| 1:25 | Create | Villager (Male) ×5 |
| 1:25 | Create | Villager (Male) ×5 |
| 1:26 | Create | Villager (Male) ×5 |
| 1:26 | Create | Villager (Male) ×5 |
| 1:26 | Create | Villager (Male) ×5 |
| 1:26 | Create | Villager (Male) ×5 |
| 1:41 | Build | Mining Camp |
| 1:59 | Create | Villager (Male) ×5 |
| 1:59 | Create | Villager (Male) ×5 |
| 2:00 | Create | Villager (Male) ×2 |
| 2:00 | Create | Villager (Male) ×2 |
| 2:04 | Build | House |
| 2:06 | Build | House |
| 2:07 | Build | House |
| 2:09 | Build | House |
| 2:10 | Build | House |
| 2:11 | Build | House |
| 2:13 | Build | House |
| 2:17 | Build | House |
| 2:18 | Build | House |
| 2:19 | Build | House |
| 2:25 | Build | House |
| 2:26 | Build | House |
| 2:27 | Build | House |
| 2:32 | Build | House |
| 2:34 | Build | House |
| 2:40 | Create | Villager (Male) ×5 |
| 2:41 | Create | Villager (Male) ×5 |
| 2:41 | Create | Villager (Male) ×5 |
| 2:41 | Create | Villager (Male) ×3 |
| 3:19 | Build | Siege Workshop |
| 3:24 | Build | Siege Workshop |
| 3:32 | Create | Trade Cart ×5 |
| 3:33 | Create | Trade Cart ×5 |
| 3:33 | Create | Trade Cart ×5 |
| 3:33 | Create | Trade Cart ×5 |
| 3:33 | Create | Trade Cart ×5 |
| 3:34 | Create | Trade Cart ×5 |
| 3:34 | Create | Trade Cart ×5 |
| 3:35 | Create | Trade Cart ×5 |
| 3:35 | Create | Trade Cart ×5 |
| 3:35 | Create | Trade Cart ×5 |
| 3:36 | Create | Trade Cart ×5 |
| 3:36 | Create | Trade Cart ×5 |
| 3:37 | Create | Trade Cart ×5 |
| 3:38 | Create | Trade Cart ×5 |
| 3:39 | Create | Trade Cart ×5 |
| 3:39 | Create | Trade Cart ×5 |
| 3:53 | Create | Mangonel ×5 |
| 3:53 | Create | Mangonel ×5 |
| 4:08 | Build | Castle |
| 4:10 | Build | Castle |
| 4:13 | Build | Castle |
| 4:15 | Build | Castle |
| 4:18 | Build | Castle |
| 4:36 | Build | Lumber Camp |
| 5:22 | Build | House |
| 5:25 | Build | House |
| 5:31 | Build | House |
| 5:32 | Build | House |
| 5:33 | Build | House |
| 5:37 | Build | House |
| 5:38 | Build | House |
| 5:39 | Build | House |
| 5:49 | Build | House |
| 5:50 | Build | House |
| 5:51 | Build | House |
| 5:52 | Build | House |
| 5:54 | Build | House |
| 5:55 | Build | House |
| 6:08 | Build | Mining Camp |
| 6:50 | Build | Castle |
| 6:52 | Build | Castle |
| 6:55 | Build | Castle |
| 6:58 | Build | Castle |
| 7:00 | Build | Castle |
| 7:03 | Build | Castle |
| 8:22 | Build | Castle |
| 9:04 | Build | Farm |
| 9:20 | Build | Lumber Camp |
| 9:34 | Build | Mill |
| 9:36 | Build | Mill |
| 9:39 | Build | Mill |
| 9:42 | Build | Mill |
| 9:45 | Build | Farm |
| 9:47 | Build | Farm |
| 9:48 | Build | Farm |
| 9:51 | Build | Farm |
| 9:53 | Build | Farm |
| 9:56 | Build | Farm |
| 9:58 | Build | Farm |
| 9:59 | Build | Farm |
| 10:01 | Build | Farm |
| 10:01 | Build | Farm |
| 10:02 | Build | Farm |
| 10:02 | Build | Farm |
| 10:02 | Build | Farm |
| 10:03 | Build | Farm |
| 10:03 | Build | Farm |
| 10:03 | Build | Farm |
| 10:03 | Build | Farm |
| 10:04 | Build | Farm |
| 10:04 | Build | Farm |
| 10:04 | Build | Farm |
| 10:05 | Build | Farm |
| 10:10 | Build | Farm |
| 10:12 | Build | Farm |
| 10:14 | Build | Farm |
| 10:18 | Build | Farm |
| 10:27 | Build | Lumber Camp |
| 10:35 | Build | Lumber Camp |
| 10:43 | Build | Farm |
| 10:57 | Build | Castle |
| 11:17 | Build | Farm |
| 11:20 | Build | Farm |
| 11:23 | Build | Farm |
| 11:26 | Build | Farm |
| 11:34 | Build | Farm |
| 13:13 | Build | Mining Camp |
| 13:39 | Build | Stable |
| 13:46 | Build | Stable |
| 13:49 | Build | Stable |
| 13:50 | Build | Stable |
| 13:54 | Build | Stable |
| 13:55 | Build | Stable |
| 13:57 | Build | Stable |
| 14:01 | Build | Stable |
| 14:02 | Build | Stable |
| 14:07 | Build | Stable |
| 14:09 | Build | Stable |
Match timeline
| 0:11 | TTV PHOEBZ · wall_segment Stone Wall x23 |
| 0:30 | The Sting · first_market_buy 500 stone |
| 0:33 | TTV PHOEBZ · first_building Monastery |
| 0:39 | bhasudi-- · first_building Siege Workshop |
| 1:08 | Berkovic3631 · first_building Castle |
| 1:46 | bhasudi-- · first_building Archery Range |
| 2:53 | Cortemilia · wall_segment Stone Wall x25 |
| 2:58 | Cortemilia · wall_segment Stone Wall x18 |
| 3:04 | The Sting · first_building Siege Workshop |
| 3:19 | CALIGULA · first_building Siege Workshop |
| 3:30 | bhasudi-- · first_building Castle |
| 4:01 | Cortemilia · first_building Castle |
| 4:08 | CALIGULA · first_building Castle |
| 5:24 | TTV PHOEBZ · first_building Castle |
| 6:30 | The Sting · first_building Castle |
| 7:11 | TTV PHOEBZ · first_building Siege Workshop |
| 8:11 | Berkovic3631 · first_market_sell 100 wood |
| 8:16 | Berkovic3631 · first_market_buy 100 stone |
| 9:34 | TTV PHOEBZ · first_building Barracks |
| 10:21 | Cortemilia · first_building Stable |
| 13:39 | CALIGULA · first_building Stable |
| 16:31 | TTV PHOEBZ · first_building Archery Range |
| 16:54 | Cortemilia · first_building Barracks |
| 18:37 | TTV PHOEBZ · first_building Stable |
| 18:40 | Cortemilia · first_building Siege Workshop |
| 19:33 | Berkovic3631 · wall_segment Stone Wall x14 |
| 27:59 | The Sting · tribute_sent a jugador 1 |
| 27:59 | The Sting · tribute_sent a jugador 2 |
| 27:59 | The Sting · tribute_sent a jugador 3 |
| 27:59 | The Sting · tribute_sent a jugador 4 |
| 27:59 | The Sting · tribute_sent a jugador 6 |
| 28:04 | CALIGULA · first_building Monastery |
| 29:15 | Berkovic3631 · first_building Siege Workshop |
| 31:04 | CALIGULA · first_building Barracks |
| 32:14 | bhasudi-- · first_market_sell 500 food |
| 36:40 | The Sting · tribute_sent a jugador 1 |
| 36:40 | The Sting · tribute_sent a jugador 2 |
| 36:40 | The Sting · tribute_sent a jugador 3 |
| 36:40 | The Sting · tribute_sent a jugador 4 |
| 36:40 | The Sting · tribute_sent a jugador 6 |
| 40:15 | The Sting · tribute_sent a jugador 1 |
| 40:15 | The Sting · tribute_sent a jugador 2 |
| 40:15 | The Sting · tribute_sent a jugador 3 |
| 40:15 | The Sting · tribute_sent a jugador 4 |
| 40:15 | The Sting · tribute_sent a jugador 6 |
| 41:04 | TTV PHOEBZ · first_market_buy 500 wood |
| 41:58 | The Sting · first_market_sell 500 wood |
| 44:51 | bhasudi-- · first_market_buy 500 stone |
| 54:27 | TTV PHOEBZ · wall_segment Stone Wall x14 |
| 54:33 | The Sting · wall_segment Stone Wall x17 |
| 55:23 | The Sting · tribute_sent a jugador 1 |
| 55:23 | The Sting · tribute_sent a jugador 2 |
| 55:23 | The Sting · tribute_sent a jugador 3 |
| 55:23 | The Sting · tribute_sent a jugador 4 |
| 55:23 | The Sting · tribute_sent a jugador 6 |
| 55:58 | TTV PHOEBZ · first_market_sell 500 wood |
| 60:48 | bhasudi-- · first_building Stable |
| 62:06 | The Sting · wall_segment Stone Wall x11 |
| 69:34 | TTV PHOEBZ · resign |
[ AI ANALYSIS · 1 CREDIT ]
What really happened in this match?
Wolo.gg analyzes every decision: build order, eco, micro, common mistakes by bracket. Personalized analysis on WhatsApp or Discord in 30 seconds.
Civ guide
Wei
Map guide
Amazon Tunnel
Perfil
Jugador #1513413